[Event "LXIII MEX-ch Open Leon 2017"]
[Site "Leon"]
[Date "2017.04.13"]
[Round "3"]
[White "Blanco Fernandez, Alvaro"]
[Black "Leon Valdes, Jony Wilson"]
[Result "1-0"]
[ECO "A17"]
[WhiteElo "2241"]
[BlackElo "2363"]
[Annotator "NA"]
[PlyCount "87"]
[EventDate "2017.??.??"]
[EventType "swiss"]
[EventCountry "MEX"]
[SourceTitle "playchess.com"]
[Source "ChessBase"]
[SourceQuality "1"]
[TimeControl "5400+30"]

1. Nf3 e6 2. c4 Nf6 3. Nc3 b6 4. g3 Bb7 5. Bg2 Be7 6. O-O O-O 7. Re1 d5 8. cxd5 exd5 9. d4 Ne4 10. Qb3 Nxc3 11. bxc3 Nc6 12. h4 Na5 13. Qc2 f6 14. Nd2 Kh8 15. h5 Qd7 16. Kh2 Qe8 17. Bf3 f5 18. Nb3 Nc4 19. Bf4 Bd6 20. Nd2 Bxf4 21. Nxc4 Rb8 22. Nb2 Bd6 23. e3 Qf7 24. Kg2 c5 25. Nd3 cxd4 26. exd4 f4 27. g4 Rbc8 28. Ne5 Qc7 29. Rac1 Ba3 30. Rcd1 Qxc3 31. Qb1 Qb4 32. Qd3 Rc3 33. Qd2 Rc7 34. Qd3 Qd6 35. Ng6+ hxg6 36. hxg6 Kg8 37. Re5 Rc1 38. Rd2 Bb4 39. Rde2 Rc3 40. Qb1 Ba6 41. Qh1 Qxg6 42. Bxd5+ Rf7 43. Re8+ Bf8 44. Rxf8+ 1-0

[Event "LXIII MEX-ch Open Leon 2017"]
[Site "Leon"]
[Date "2017.04.14"]
[Round "5"]
[White "Blanco Fernandez, Alvaro"]
[Black "Garcia Guerrero, Isaac Antonio"]
[Result "1/2-1/2"]
[ECO "B36"]
[WhiteElo "2241"]
[BlackElo "2332"]
[Annotator "NA"]
[PlyCount "70"]
[EventDate "2017.??.??"]
[EventType "swiss"]
[EventCountry "MEX"]
[SourceTitle "playchess.com"]
[Source "ChessBase"]
[SourceQuality "1"]
[TimeControl "5400+30"]

1. e4 c5 2. Nf3 g6 3. d4 cxd4 4. Nxd4 Nc6 5. c4 Nf6 6. Nc3 Nxd4 7. Qxd4 d6 8. Bg5 Bg7 9. Be2 O-O 10. Qd2 a5 11. h4 a4 12. Rc1 Qa5 13. h5 Be6 14. hxg6 fxg6 15. f3 Qe5 16. Bf4 Qa5 17. Be3 Nh5 18. Nd5 Qxd2+ 19. Kxd2 Bxd5 20. cxd5 Ng3 21. Rhd1 Nxe2 22. Kxe2 Rfc8 23. Rxc8+ Rxc8 24. Rc1 Rxc1 25. Bxc1 b5 26. Kd3 Kf7 27. Kc2 Bd4 28. b3 axb3+ 29. Kxb3 Bc5 30. Bg5 e6 31. a4 bxa4+ 32. Kxa4 exd5 33. exd5 Ke8 34. Kb5 Kd7 35. Kc4 Ke8 1/2-1/2

[Event "LXIII MEX-ch Open Leon 2017"]
[Site "Leon"]
[Date "2017.04.14"]
[Round "6"]
[White "Leon Valdes, Jony Wilson"]
[Black "Tello Chavez, Isaac Valent"]
[Result "1/2-1/2"]
[ECO "D02"]
[WhiteElo "2363"]
[BlackElo "2286"]
[Annotator "ChessBase"]
[PlyCount "133"]
[EventDate "2017.??.??"]
[EventType "swiss"]
[EventCountry "MEX"]
[SourceTitle "playchess.com"]
[Source "ChessBase"]
[SourceQuality "1"]
[TimeControl "5400+30"]

1. d4 d5 2. Nf3 Nf6 3. g3 Bf5 4. Bg2 e6 5. O-O Nbd7 6. Nh4 Bg4 7. h3 Bh5 8. c4 c6 9. cxd5 cxd5 10. Nc3 Be7 11. g4 Bg6 12. Nxg6 hxg6 13. Bf4 a6 14. Qd3 O-O 15. Rfc1 Rc8 16. Rc2 Nb6 17. Rac1 Bd6 18. Bg5 Qd7 19. Nb1 Rxc2 20. Rxc2 Rc8 21. Rxc8+ Qxc8 22. Qc3 Qc4 23. Qxc4 Nxc4 24. Bc1 Kf8 25. b3 Na5 26. e3 Nc6 27. Kf1 Ke7 28. Ke2 Nd7 29. Bb2 Nb4 30. a3 Nc6 31. f3 Bc7 32. Kd3 f6 33. Nc3 Na5 34. Kc2 Nc6 35. Bc1 g5 36. Bf1 Bd6 37. Kd3 b5 38. Kd2 Nb6 39. Bb2 Na5 40. Kc2 Nc6 41. a4 b4 42. Nd1 a5 43. Bb5 Na7 44. Ba6 Bg3 45. Bc1 Kd6 46. Kd3 Nd7 47. e4 Nc6 48. Bb5 Ne7 49. Ne3 Nf8 50. Ng2 Nfg6 51. Be3 Nf4+ 52. Nxf4 Bxf4 53. e5+ Kc7 54. Bxf4 gxf4 55. exf6 gxf6 56. h4 Kd8 57. Ke2 Ng6 58. h5 Nh8 59. Kf2 Ke7 60. Bd3 Kf8 61. Ke2 Kg7 62. Ba6 Nf7 63. Bc8 Nd8 64. Bd7 Kh6 65. Kd3 Kg5 66. Ke2 e5 67. Bc8 1/2-1/2

[Event "LXIII MEX-ch Open Leon 2017"]
[Site "Leon"]
[Date "2017.04.15"]
[Round "7"]
[White "Diaz Hernandez, Heriberto"]
[Black "Salazar Farias, Luis German"]
[Result "1-0"]
[ECO "B38"]
[WhiteElo "2331"]
[BlackElo "2296"]
[Annotator "RC"]
[PlyCount "23"]
[EventDate "2017.??.??"]
[EventType "swiss"]
[EventCountry "MEX"]
[SourceTitle "playchess.com"]
[Source "ChessBase"]
[SourceQuality "1"]
[TimeControl "5400+30"]

1. e4 c5 2. Nf3 g6 3. c4 Nc6 4. d4 cxd4 5. Nxd4 Bg7 6. Be3 Nf6 7. Nc3 O-O 8. Be2 d6 9. O-O Bd7 10. f3 Nxd4 11. Bxd4 a5 12. c5 1-0